 Dungeon Crawl Stone Soup version 0.30-b1-2-g02819fbbbe (webtiles) character file.

Game seed: 14941816376853490843

2 Alarkh the Sneak (level 1, -1/18 HPs)
             Began as a Demonspawn Delver on May 22, 2023.
             Slain by an adder (4 damage)
             ... on level 5 of the Dungeon.
             The game lasted 00:00:29 (123 turns).

Alarkh the Sneak (Demonspawn Delver)                 Turns: 123, Time: 00:00:30

Health: -1/18      AC:  3    Str: 12    XL:     1   Next: 25%
Magic:  1/1        EV: 11    Int:  9    God:
Gold:   8          SH:  0    Dex: 14    Spells: 0/0 levels left

rFire   . .          .
                       - Unarmed
rCold   . . .        (no shield)
rNeg    . . .        a - +0 leather armour
rPois   .            (helmet restricted)
rElec   .            (no cloak)
rCorr   .            (no gloves)
SInv    .            (no boots)
Will    .....        (no amulet)
Stlth   ++           (no ring)
HPRegen 0.23/turn    (no ring)
MPRegen 0.07/turn

%: no passive effects
@: no status effects
A: horns 1, deterioration 1, dopey 1, noise suppression
a: no special abilities


You were on level 5 of the Dungeon.
You visited 1 branch of the dungeon, and saw 1 of its levels.

You collected 8 gold pieces.

Inventory:

Armour
 a - a +0 leather armour (worn)
Wands
 f - a wand of digging (3)
Scrolls
 b - a scroll of fog
 c - a scroll of magic mapping
 d - a scroll of fear
Potions
 e - a potion of haste


   Skills:
 - Level 3.0 Fighting
 - Level 1.7 Dodging
 - Level 4.5 Stealth
 + Level 2.0 Unarmed Combat


You couldn't memorise any spells.
You didn't know any spells.
Your spell library was empty.

Dungeon Overview and Level Annotations

Branches:
Dungeon (5/15)
 Temple: D:4-7

Altars:


Innate Abilities, Weirdness & Mutations

You have a pair of small horns on your head.
Your body sometimes deteriorates upon taking damage.
You are dopey. (Int -2)
You passively dampen the noise of your surroundings.


Message History

You start resting.
An ogre is nearby!
You start resting.
HP restored.
Found 8 gold pieces.
You now have 8 gold pieces.
g - a fuming emerald potion An adder comes into view.
Found a heavily runed chain mail.
Okay, then.
The adder hisses angrily.
You hit the adder.
The adder is moderately wounded.
The adder bites you.
You are poisoned.
The adder poisons you!
You hit the adder.
The adder is severely wounded.
You feel sick. The adder bites you but does no damage.
You barely miss the adder.
The adder is severely wounded.
You feel sick. The adder bites you. The adder barely misses you.
You closely miss the adder.
The adder is severely wounded.
You feel sick. The adder closely misses you.
It was a potion of mutation.
You feel extremely strange.
You feel yourself wasting away.
You feel stupid.
You feel your surroundings grow quieter.
A pair of horns grows on your head!
You feel sick. The adder bites you.
You closely miss the adder. Your punch misses the adder.
The adder is severely wounded.
You feel sick. The adder bites you.
* * * LOW HITPOINT WARNING * * *
You barely miss the adder.
The adder is severely wounded.
You feel sick.
You are no longer poisoned.
The adder bites you.
You die...

#.# #.. #.# ### #.#
#.# #.# #.# #.#
#.###############[##
#............@S....#
#################.##


You could see an adder.

Vanquished Creatures
  An orc (D:5)
1 creature vanquished.

Notes
Turn   | Place    | Note
-------+----------+-------------------------------------------
     0 | D:5      | Alarkh the Demonspawn Delver began the quest for the Orb.
     0 | D:5      | Reached XP level 1. HP: 18/18 MP: 1/1
     9 | D:5      | Noticed an ogre
   121 | D:5      | Gained mutation: Your body sometimes deteriorates upon
                  | taking damage. [potion of mutation]
   121 | D:5      | Gained mutation: You are dopey. (Int -2) [potion of
                  | mutation]
   121 | D:5      | Gained mutation: You passively dampen the noise of your
                  | surroundings. [potion of mutation]
   121 | D:5      | Gained mutation: You have a pair of small horns on your
                  | head. [potion of mutation]
   123 | D:5      | Slain by an adder

Illustrated notes

Levels and vault maps discovered:
D:5:      layout_loops_ring, mainiacjoe_overflow_small_starburst,
          tso_oasis_becter, st_stairs_1

Skill      XL: |  1 |
---------------+----+-----
Unarmed Combat | 2 |  2.0
Fighting       | |  3.0
Dodging        | |  1.7
Stealth        | |  4.5

Action                     || total
---------------------------++-------
  Melee: Unarmed           ||    25
    Use: Potion            ||     1
 Armour: Leather armour    ||     4
  Dodge: Dodged            ||     9
